3L
MONTANA PANDAS @ PITTSBURGH KINGFISHERS
09/05/2042
 
TOP OF THE 1ST
Montana Pandas batting - Pitching for Pittsburgh Kingfishers : LHP Jeffery Meyers
Pitching: LHP Jeffery Meyers
Batting: RHB Tony Randolph 0-0: Called Strike
0-1: Called Strike
0-2: Ball
1-2: SINGLE (Groundball, 56D, EV 110.0 MPH)
Batting: RHB Jon Moon 0-0: Swinging Strike
0-1: Ball
1-1: Swinging Strike
1-2: Strikes out looking
Batting: RHB Edgar Baeza 0-0: Ball
1-0: Ball
2-0: Foul Ball, location: 2F
2-1: Foul Ball, location: 2F
2-2: Ball
3-2: Base on Balls
Tony Randolph to second
Batting: SHB Gerrie Bond 0-0: Fly out, F1 (Line Drive, P, EV 68.8 MPH)
Batting: LHB Bharti Mona 0-0: Ball
1-0: Foul Ball, location: 2F
1-1: Ground out U3 (Groundball, 34, EV 86.9 MPH)
Top of the 1st over - 0 runs, 1 hit, 0 errors, 2 left on base; Montana 0 - Pittsburgh 0
BOTTOM OF THE 1ST
Pittsburgh Kingfishers batting - Pitching for Montana Pandas : LHP Pavle Simic
Pitching: LHP Pavle Simic
Batting: LHB Naganori Inoue 0-0: Called Strike
0-1: Ball
1-1: Ball
2-1: Swinging Strike
2-2: Foul Ball, location: 2F
2-2: Strikes out looking
Batting: RHB Rob Brooks 0-0: Ball
1-0: Called Strike
1-1: Fly out, F3 (Line Drive, 3, EV 60.6 MPH)
Batting: LHB Danny Trautmann 0-0: Ball
1-0: Ball
2-0: Called Strike
2-1: Fly out, F8 (Flyball, 78M, EV 91.2 MPH)
Bottom of the 1st over - 0 runs, 0 hits, 0 errors, 0 left on base; Montana 0 - Pittsburgh 0
TOP OF THE 2ND
Montana Pandas batting - Pitching for Pittsburgh Kingfishers : LHP Jeffery Meyers
Batting: LHB António Casas 0-0: Fly out, F2 (Popup, 15S, EV 88.1 MPH)
Batting: RHB Holden Ford 0-0: Ball
1-0: Ball
2-0: SINGLE (Groundball, 4MD, EV 101.2 MPH)
Batting: RHB José Santos 0-0: Grounds into double play, 4-6-3 (Groundball, 4, EV 81.2 MPH)
Top of the 2nd over - 0 runs, 1 hit, 0 errors, 0 left on base; Montana 0 - Pittsburgh 0
BOTTOM OF THE 2ND
Pittsburgh Kingfishers batting - Pitching for Montana Pandas : LHP Pavle Simic
Batting: RHB Krystof Melichar 0-0: Ball
1-0: Ball
2-0: SINGLE (Groundball, 3, EV 103.8 MPH) (infield hit)
Batting: LHB Rafael Abasto 0-0: Ball
1-0: Called Strike
1-1: Ball
2-1: Foul Ball, location: 2F
2-2: Foul Ball, location: 2F
2-2: Ball
3-2: Base on Balls
Krystof Melichar to second
Batting: RHB Junior Young 0-0: Fly out, F4 (Popup, 23, EV 93.1 MPH)
Batting: RHB Loring Rommel 0-0: Ball
1-0: Called Strike
1-1: Ball
Krystof Melichar steals 3rd base
2-1: Ball
3-1: Base on Balls
Rafael Abasto to second
Batting: SHB Yeow-whye Zhu 0-0: Called Strike
0-1: Fly out, F8 (Flyball, 8LXD, EV 86.2 MPH)
Runner from 3rd tags up, SCORES, no throw by CF
Rafael Abasto to third
Batting: RHB Tony Hernández 0-0: Foul Ball, location: 2F
0-1: Called Strike
0-2: Ball
1-2: Ball
2-2: Ground out 4-3 (Groundball, 4, EV 103.1 MPH)
Bottom of the 2nd over - 1 run, 1 hit, 0 errors, 2 left on base; Montana 0 - Pittsburgh 1
TOP OF THE 3RD
Montana Pandas batting - Pitching for Pittsburgh Kingfishers : LHP Jeffery Meyers
Batting: SHB Chris Piña 0-0: Foul Ball, location: 2F
0-1: Called Strike
0-2: Strikes out swinging
Batting: RHB Tony Randolph 0-0: Called Strike
0-1: Ball
1-1: Ball
2-1: Foul Ball, location: 2F
2-2: Ball
3-2: Foul Ball, location: 2F
3-2: Base on Balls
Batting: RHB Jon Moon 0-0: Fly out, F9 (Flyball, 9LS, EV 94.4 MPH)
Batting: RHB Edgar Baeza 0-0: Ball
1-0: Ball
Wild Pitch!
Tony Randolph to second
2-0: Ball
3-0: Called Strike
3-1: Ground out 5-3 (Groundball, 5L, EV 105.6 MPH)
Top of the 3rd over - 0 runs, 0 hits, 0 errors, 1 left on base; Montana 0 - Pittsburgh 1
BOTTOM OF THE 3RD
Pittsburgh Kingfishers batting - Pitching for Montana Pandas : LHP Pavle Simic
Batting: LHB Naganori Inoue 0-0: Called Strike
0-1: SINGLE (Line Drive, 7S, EV 93.1 MPH)
Batting: RHB Rob Brooks 0-0: Ball
1-0: Swinging Strike
1-1: Ball
2-1: Ball
3-1: Foul Ball, location: 2F
3-2: Fly out, F4 (Popup, 4, EV 58.1 MPH)
Batting: LHB Danny Trautmann 0-0: SINGLE (Line Drive, 4MD, EV 94.4 MPH)
Naganori Inoue to second
Batting: RHB Krystof Melichar 0-0: Called Strike
0-1: Foul Ball, location: 2F
0-2: Foul Ball, location: 2F
0-2: Ball
1-2: Ball
2-2: SINGLE (Groundball, 6D, EV 105.6 MPH)
Naganori Inoue to third
Danny Trautmann to second
Runner from 3rd tries for Home, SAFE, throw by LF to home
Batting: LHB Rafael Abasto 0-0: Ball
1-0: Ball
2-0: Ball
3-0: Called Strike
3-1: Called Strike
3-2: Base on Balls
Danny Trautmann to third
Krystof Melichar to second
Batting: RHB Junior Young 0-0: Called Strike
0-1: Foul Ball, location: 2F
0-2: Strikes out swinging
Batting: RHB Loring Rommel 0-0: Called Strike
0-1: Fly out, F7 (Flyball, 7D, EV 98.1 MPH)
Bottom of the 3rd over - 1 run, 3 hits, 0 errors, 3 left on base; Montana 0 - Pittsburgh 2
TOP OF THE 4TH
Montana Pandas batting - Pitching for Pittsburgh Kingfishers : LHP Jeffery Meyers
Batting: SHB Gerrie Bond 0-0: Ball
1-0: Fly out, F7 (Flyball, 7S, EV 94.4 MPH)
Batting: LHB Bharti Mona 0-0: Ball
1-0: Ball
2-0: Ground out 5-3 (Groundball, 6, EV 81.2 MPH)
Batting: LHB António Casas 0-0: Ground out 5-3 (Groundball, 56S, EV 63.1 MPH)
Top of the 4th over - 0 runs, 0 hits, 0 errors, 0 left on base; Montana 0 - Pittsburgh 2
BOTTOM OF THE 4TH
Pittsburgh Kingfishers batting - Pitching for Montana Pandas : LHP Pavle Simic
Batting: SHB Yeow-whye Zhu 0-0: Ground out U3 (Groundball, 34, EV 85.6 MPH)
Batting: RHB Tony Hernández 0-0: Ball
1-0: SINGLE (Groundball, 6MD, EV 105.6 MPH)
Batting: LHB Naganori Inoue 0-0: Ball
Tony Hernández steals 2nd base
1-0: Swinging Strike
1-1: Ground out 4-3 (Groundball, 4, EV 83.8 MPH)
Tony Hernández to third
Batting: RHB Rob Brooks 0-0: Called Strike
0-1: Ground out 6-3 (Groundball, 6, EV 78.8 MPH)
Bottom of the 4th over - 0 runs, 1 hit, 0 errors, 1 left on base; Montana 0 - Pittsburgh 2
TOP OF THE 5TH
Montana Pandas batting - Pitching for Pittsburgh Kingfishers : LHP Jeffery Meyers
Batting: RHB Holden Ford 0-0: Foul Ball, location: 2F
0-1: Ball
1-1: Called Strike
1-2: Fly out, F2 (Popup, 23F, EV 86.9 MPH)
Batting: RHB José Santos 0-0: Ball
1-0: SINGLE (Flyball, 9S, EV 92.5 MPH)
Batting: SHB Chris Piña 0-0: Ball
1-0: Called Strike
1-1: Ball
2-1: Ball
3-1: Foul Ball, location: 2F
3-2: Fly out, F9 (Line Drive, 9, EV 102.5 MPH)
Batting: RHB Tony Randolph 0-0: Called Strike
0-1: Ball
1-1: Foul Ball, location: 2F
1-2: Fielders Choice at 2nd, 6-4 (Groundball, 56D, EV 101.9 MPH)
Top of the 5th over - 0 runs, 1 hit, 0 errors, 1 left on base; Montana 0 - Pittsburgh 2
BOTTOM OF THE 5TH
Pittsburgh Kingfishers batting - Pitching for Montana Pandas : LHP Pavle Simic
Batting: LHB Danny Trautmann 0-0: Ball
1-0: Reached via error on a dropped throw from 1B, E1 (Groundball, 34, EV 86.2 MPH)
Batting: RHB Krystof Melichar 0-0: Called Strike
0-1: TRIPLE (Line Drive, 78XD, EV 106.2 MPH)
Danny Trautmann scores
Batting: LHB Rafael Abasto 0-0: Called Strike
0-1: Ball
1-1: Fly out, F7 (Flyball, 7LS, EV 95.0 MPH)
Pitching: LHP Gil Herrera
Batting: RHB Junior Young 0-0: Ball
1-0: Ball
Steal of home, Krystof Melichar is out
2-0: Called Strike
2-1: Called Strike
2-2: Ground out 6-3 (Groundball, 6, EV 98.1 MPH)
Bottom of the 5th over - 1 run, 1 hit, 1 error, 0 left on base; Montana 0 - Pittsburgh 3
TOP OF THE 6TH
Montana Pandas batting - Pitching for Pittsburgh Kingfishers : LHP Jeffery Meyers
Batting: RHB Jon Moon 0-0: Swinging Strike
0-1: Called Strike
0-2: Foul Ball, location: 2F
0-2: Ball
1-2: Foul Ball, location: 2F
1-2: Strikes out looking
Batting: RHB Edgar Baeza 0-0: Foul Ball, location: 2F
0-1: Ball
1-1: Swinging Strike
1-2: Fly out, F8 (Flyball, 8RD, EV 96.2 MPH)
Batting: SHB Gerrie Bond 0-0: Swinging Strike
0-1: Ball
1-1: Swinging Strike
1-2: Strikes out looking
Top of the 6th over - 0 runs, 0 hits, 0 errors, 0 left on base; Montana 0 - Pittsburgh 3
BOTTOM OF THE 6TH
Pittsburgh Kingfishers batting - Pitching for Montana Pandas : LHP Gil Herrera
Batting: RHB Loring Rommel 0-0: Fly out, F8 (Flyball, 8RD, EV 100.6 MPH)
Batting: SHB Yeow-whye Zhu 0-0: Fly out, F8 (Flyball, 89D, EV 101.2 MPH)
Batting: RHB Tony Hernández 0-0: Ball
1-0: Swinging Strike
1-1: Fly out, F9 (Flyball, 89D, EV 104.4 MPH)
Bottom of the 6th over - 0 runs, 0 hits, 0 errors, 0 left on base; Montana 0 - Pittsburgh 3
TOP OF THE 7TH
Montana Pandas batting - Pitching for Pittsburgh Kingfishers : LHP Jeffery Meyers
Batting: LHB Bharti Mona 0-0: Ball
1-0: Foul Ball, location: 2F
1-1: Foul Ball, location: 2F
1-2: Strikes out looking
Batting: LHB António Casas 0-0: Called Strike
0-1: SINGLE (Groundball, 25, EV 67.5 MPH) (infield hit)
Batting: RHB Holden Ford 0-0: Called Strike
0-1: Ball
1-1: Swinging Strike
1-2: Strikes out swinging
António Casas steals 2nd base
Batter strikes out.
Pitching: RHP Javier Solís
Batting: RHB José Santos 0-0: Called Strike
0-1: Foul Ball, location: 2F
0-2: Ball
1-2: Fly out, F9 (Flyball, 89M, EV 91.2 MPH)
Top of the 7th over - 0 runs, 1 hit, 0 errors, 1 left on base; Montana 0 - Pittsburgh 3
BOTTOM OF THE 7TH
Pittsburgh Kingfishers batting - Pitching for Montana Pandas : LHP Gil Herrera
Batting: LHB Naganori Inoue 0-0: SINGLE (Line Drive, 78M, EV 98.1 MPH)
Batting: RHB Rob Brooks 0-0: Ball
1-0: Ball
2-0: Ball
3-0: Called Strike
3-1: Base on Balls
Naganori Inoue to second
Batting: LHB Danny Trautmann 0-0: Called Strike
0-1: Foul Ball, location: 2F
0-2: Strikes out looking
Batting: RHB Krystof Melichar 0-0: Ball
1-0: Ball
2-0: Fielders Choice at 2nd, 5-4 (Groundball, 56, EV 92.5 MPH)
Naganori Inoue to third
Batting: LHB Rafael Abasto 0-0: Swinging Strike
0-1: Swinging Strike
0-2: Ball
1-2: Strikes out swinging
Bottom of the 7th over - 0 runs, 1 hit, 0 errors, 2 left on base; Montana 0 - Pittsburgh 3
TOP OF THE 8TH
Montana Pandas batting - Pitching for Pittsburgh Kingfishers : RHP Javier Solís
Batting: SHB Chris Piña 0-0: Foul Ball, location: 2F
0-1: SINGLE (Groundball, 5D, EV 94.4 MPH)
Batting: RHB Tony Randolph 0-0: Called Strike
0-1: Ball
1-1: Ball
2-1: Swinging Strike
2-2: Foul Ball, location: 2F
2-2: Strikes out swinging
Batting: RHB Jon Moon 0-0: Foul Ball, location: 2F
0-1: Foul Ball, location: 2F
0-2: Strikes out swinging
Batting: RHB Edgar Baeza 0-0: Ball
1-0: Ball
2-0: 2-RUN HOME RUN (Flyball, 78XD, EV 105.0 MPH), Distance : 439 ft
Batting: SHB Gerrie Bond 0-0: Ball
1-0: Called Strike
1-1: Ball
2-1: Ball
3-1: Foul Ball, location: 2F
3-2: Base on Balls
Pitching: LHP Kenny James
Pinch Hitting: RHB Brit Davis 0-0: Foul Ball, location: 2F
0-1: SINGLE (Groundball, 4MD, EV 102.5 MPH)
Gerrie Bond to second
Pinch Runner at 2nd Manu Pakkarinen:
Batting: LHB António Casas 0-0: Called Strike
0-1: Ball
1-1: Foul Ball, location: 2F
1-2: Ball
2-2: Ground out 4-3 (Groundball, 4, EV 85.0 MPH)
Top of the 8th over - 2 runs, 3 hits, 0 errors, 2 left on base; Montana 2 - Pittsburgh 3
BOTTOM OF THE 8TH
Pittsburgh Kingfishers batting - Pitching for Montana Pandas : LHP Gil Herrera
Now at 2B: Brit Davis
Now in RF: Manu Pakkarinen
Batting: RHB Junior Young 0-0: Foul Ball, location: 2F
0-1: Foul Ball, location: 2F
0-2: Strikes out swinging
Batting: RHB Loring Rommel 0-0: Called Strike
0-1: SINGLE (Groundball, 6MD, EV 98.1 MPH)
Batting: SHB Yeow-whye Zhu 0-0: Called Strike
0-1: Ball
1-1: Ball
2-1: Reached on error, E5 (Groundball, 5, EV 90.6 MPH)
Loring Rommel to second
Batting: RHB Tony Hernández 0-0: Swinging Strike
0-1: Ball
1-1: Called Strike
1-2: Strikes out swinging
Pitching: RHP Salvador Sagastizabal
Batting: LHB Naganori Inoue 0-0: Foul Ball, location: 2F
0-1: SINGLE (Groundball, 4MD, EV 106.2 MPH)
Loring Rommel to third
Yeow-whye Zhu to second
Runner from 3rd tries for Home, SAFE, throw by CF to home
Batting: RHB Rob Brooks 0-0: Fly out, F8 (Flyball, 8LS, EV 83.1 MPH)
Bottom of the 8th over - 1 run, 2 hits, 1 error, 2 left on base; Montana 2 - Pittsburgh 4
TOP OF THE 9TH
Montana Pandas batting - Pitching for Pittsburgh Kingfishers : LHP Kenny James
Now at 1B: Ryan Blonke
Batting: RHB Holden Ford 0-0: Ball
1-0: Ball
2-0: Called Strike
2-1: Called Strike
2-2: Ball
3-2: Base on Balls
Batting: RHB José Santos 0-0: Swinging Strike
0-1: Ball
1-1: Fly out, F7 (Flyball, 7LM, EV 79.4 MPH)
Batting: SHB Chris Piña 0-0: Foul Ball, location: 2F
0-1: Foul Ball, location: 2F
0-2: Ball
1-2: Ball
2-2: Strikes out swinging
Batting: RHB Tony Randolph 0-0: Ball
1-0: Foul Ball, location: 2F
1-1: Ball
2-1: Ground out U3 (Groundball, 34, EV 87.5 MPH)
Top of the 9th over - 0 runs, 0 hits, 0 errors, 1 left on base; Montana 2 - Pittsburgh 4
Friday, March 26th, 2021 - OOTP Baseball 20.8 Build 74